 Dungeon Crawl Stone Soup version 0.27-a0-978-g2aa4ecdaef (webtiles) character file.

Game seed: 17460466920868143047

26758 septik the Severer (level 13, 0/177 HPs)
             Began as a Minotaur Berserker on Apr 11, 2021.
             Was an Elder of Trog.
             Slain by a six-headed hydra (2 damage)
             ... on level 14 of the Dungeon on Apr 14, 2021.
             The game lasted 00:48:46 (13763 turns).

septik the Severer (Minotaur Berserker)            Turns: 13763, Time: 00:48:48

Health: 0/177      AC: 26    Str: 26    XL:     13   Next: 0%
Magic:  12/12      EV:  2    Int:  4    God:    Trog [****..]
Gold:   205        SH:  4    Dex: 17    Spells: 12/12 levels left

rFire    . . .     SeeInvis .   u - +2 hand axe (vamp)
rCold    . . .     Faith    .   P - +0 buckler
rNeg     + + +     Spirit   .   (armour currently unavailable)
rPois    +         Reflect  .   (helmet currently unavailable)
rElec    .         Harm     .   (cloak currently unavailable)
rCorr    .         Rampage  .   (gloves currently unavailable)
Will     .....     NoTele   +   (boots currently unavailable)
Stlth    ++........             h - amulet of the acrobat
HPRegen  0.39/turn              x - +4 ring of evasion
MPRegen  0.13/turn              B - +6 ring of dexterity

@: tree-form, on berserk cooldown, slowed, very slow
A: stationary, stasis, torment immunity, boosted hp, (horns 2), (retaliatory
headbutt)
a: Renounce Religion, Berserk, Trog's Hand, Brothers in Arms


You were on level 14 of the Dungeon.
You worshipped Trog.
Trog was greatly pleased with you.
You were a tree.
You visited 1 branch of the dungeon, and saw 14 of its levels.

You collected 697 gold pieces.
You spent 492 gold pieces at shops.

Inventory:

Hand Weapons
 a - a +0 war axe of freezing
 b - the +4 hunting sling "Ushrucir" {freeze, rElec rN+ Int+3}
   (You found it on level 8 of the Dungeon)

   It causes projectiles fired from it to freeze those they strike, causing
   extra injury to most foes and up to half again as much damage against
   particularly susceptible opponents.
   They can also slow down cold-blooded creatures.
   It affects your intelligence (+3).
   It insulates you from electricity.
   It protects you from negative energy.
 u - a +2 vampiric hand axe (weapon)
 Q - the +6 quarterstaff of Jaximute {protect, Fly rN+ Int+2}
   (You found it on level 5 of the Dungeon)

   It grants its wielder temporary protection when it strikes (+7 to AC).
   It affects your intelligence (+2).
   It protects you from negative energy.
   It grants you flight.
Missiles
 J - 51 poisoned darts (quivered)
 K - 3 boomerangs of dispersal
 M - 3 throwing nets
Armour
 m - a +2 cloak (melded)
 p - a +1 pair of gloves
 v - a +0 pair of boots (melded)
 E - the +1 scale mail of the Fiend {rN+ Dex+4 Slay+3}
   (You found it on level 13 of the Dungeon)

   It affects your dexterity (+4).
   It affects your accuracy and damage with ranged weapons and melee attacks
   (+3).
   It protects you from negative energy.
 P - a +0 buckler (worn)
 U - a +2 plate armour of cold resistance
 Y - a +0 troll leather armour (melded)
Jewellery
 h - an amulet of the acrobat (around neck)
 o - a ring of see invisible
 x - a +4 ring of evasion (left branch)
 B - a +6 ring of dexterity (right branch)
 S - a ring of willpower
Wands
 O - a wand of iceblast (12)
 R - a wand of acid (11)
 V - a wand of charming (9)
 X - a wand of paralysis (12)
Scrolls
 d - 3 scrolls of fear
 k - 3 scrolls of enchant armour
 l - 2 scrolls of holy word
 n - a scroll of immolation
 t - 3 scrolls of amnesia
 w - 5 scrolls of teleportation
 C - a scroll of brand weapon
 T - a scroll of blinking {unknown}
 W - a scroll of vulnerability
 Z - a scroll of magic mapping
Potions
 e - 12 potions of curing
 f - 2 potions of cancellation
 g - a potion of brilliance {unknown}
 i - 3 potions of invisibility
 j - 3 potions of magic
 q - 6 potions of lignification
 r - a potion of flight {unknown}
 s - a potion of heal wounds
 z - a potion of haste {unknown}
 F - 2 potions of attraction
 G - 4 potions of mutation
 H - 2 potions of ambrosia
 N - a potion of resistance {unknown}


   Skills:
 + Level 12.3 Fighting
 - Level 16.0 Axes
 + Level 12.0 Armour
 + Level 11.2 Dodging


You had 12 spell levels left.
You didn't know any spells.
Your spell library was empty.

Dungeon Overview and Level Annotations

Branches:
Dungeon (14/15)            Temple (0/1) D:4            Lair (0/6) D:8
    Orc (0/2) D:11
 Vaults: D:13-14

Altars:
Hepliaklqana
Qazlal
Ru
Sif Muna
Uskayaw
Xom
Yredelemnul

Shops:
D:1 *

Annotations:
D:5 2 runed translucent doors, exclusions: 2 doors and 4 more exclusions, septik's ghost, novice MiBe
D:10 2 transporters, Sagrath01's ghost, novice DsFi
D:13 exclusion: downstairs


Innate Abilities, Weirdness & Mutations

You are a tree.
Your roots penetrate the ground, keeping you stationary.
You cannot be teleported.
You are immune to unholy pain and torment.
Your maximum health is greatly increased.
Your equipment is partially melded.
((You have a pair of horns on your head.))
((You reflexively headbutt those who attack you in melee.))


Message History

Unknown command.
You lop one of the four-headed hydra's heads off!
The three-headed hydra grows two more!
You hit the five-headed hydra.
The five-headed hydra is lightly wounded.
You hit the centaur warrior.
You feel better.
You hit the vault guard but do no damage.
Your ogre hits the vault guard with a +0 giant club.
Your troll barely misses the vault guard. x2
Your troll claws the vault guard!
The centaur warrior hits you but does no damage.
The centaur warrior kicks you but does no damage.
The five-headed hydra bites you but does no damage.
The five-headed hydra bites you.
* * * LOW HITPOINT WARNING * * *
You block the five-headed hydra's attack.
The five-headed hydra bites you but does no damage.
You block the five-headed hydra's attack.
The vault guard hits you with a +0 great mace!
* * * LOW HITPOINT WARNING * * *
Your troll bites the vault guard!
Your troll claws the vault guard but does no damage. x2
Your ogre hits the vault guard with a +0 giant club!!!
The vault guard dies!
Trog accepts your kill.
You have reached level 13!
Unknown command.
Unknown command.
You hit the centaur warrior.
The centaur warrior is heavily wounded.
You lop one of the five-headed hydra's heads off!
The four-headed hydra grows two more!
You slash the six-headed hydra!
You feel better.
The centaur warrior hits you but does no damage.
The centaur warrior kicks you but does no damage.
You block the six-headed hydra's attack.
The six-headed hydra bites you!
* * * LOW HITPOINT WARNING * * *
The six-headed hydra bites you but does no damage. x3
The six-headed hydra bites you.
You die...

.....#...# *,,,,** ***+*** *
.....#...# **,,,## **,,,** *
.##..#...# **,,.##**,,,,,****
.##'##...##### *>...##,,,,,,,**,
.#......≈....# **....,,,,,,,,,,,
.+.....≈.....#####..#**********,,
##....≈......#..)...# *,,
*##+#≈#'######.)OT..## *,,
....≈....#.....)♣D...## *,,
...≈.....'.......c....#* *,,
..≈......#..?.....#....#* **,,
##...##+##..=#....#*#...*** *,,,
.#...**......##...# **..,,****,,,
##..,*.......##)[.# *,.,,,,,,,,*
##..,#....#####)#####*,,,,,,,,,,*
.#####.####$...))(.$#*,,,,,,,,,,,
.....##* #)#.#)#.#)#*,,,,,,,,,,,


You could see a six-headed hydra (ally target), a centaur warrior, a friendly
troll (summoned, berserk) and a friendly ogre (summoned, berserk).

Vanquished Creatures
  Erolcha (D:10)
  A boulder beetle (D:13)
  A hydra (D:11)
  Harold (D:7)
  3 centaur warriors (D:14)
  A two-headed ogre (D:10)
  Pikel (D:8)
  A deep elf pyromancer (D:13)
  A cyclops (D:14)
  A manticore (D:12)
  2 ugly things (D:14)
  Joseph (D:8)
  2 gargoyles
  An unseen horror (D:13)
  2 efreet (D:14)
  A kobold demonologist (D:12)
  4 komodo dragons
  A queen bee (D:9)
  4 trolls
  16 slime creatures
  A shadow (D:9)
  2 wyverns (D:8)
  A vampire (D:13)
  A steam dragon (D:8)
  14 yaks
  8 vampire mosquitoes
  2 chaos spawn (D:12)
  2 acid dragons
  Edmund (D:5)
  An acid dragon (shapeshifter) (D:14)
  2 water moccasins
  A hornet zombie (D:8)
  A black bear (D:6)
  5 orc warriors
  A sky beast (D:7)
  7 centaurs
  2 lemures (D:8)
  A kobold brigand (D:8)
  2 bullfrogs
  A scorpion (D:6)
  A wyvern skeleton (D:7)
  30 killer bees
  3 wights (D:10)
  4 centaur zombies
  A jelly (D:5)
  4 hounds
  A bullfrog skeleton (D:6)
  11 orc priests
  3 gnoll shamans
  2 iguanas (D:5)
  11 orc wizards
  2 hound skeletons (D:4)
  6 adders
  18 gnolls
  A howler monkey skeleton (D:6)
  2 shadow imps
  A white imp (D:4)
  An adder skeleton (D:4)
  2 worms
  A dart slug (D:4)
  40 orcs
  3 bats
  5 endoplasms
  4 giant cockroaches
  4 goblins
  A hobgoblin (D:2)
  13 jackals
  8 kobolds
  3 quokkas
  5 ball pythons
  A frilled lizard (D:2)
  2 rats
296 creatures vanquished.

Vanquished Creatures (collateral kills)
  2 vault guards (D:14)
  2 hydras
  A centaur warrior (D:14)
  2 ugly things (D:14)
  A centaur simulacrum (D:14)
  2 centaurs (D:14)
10 creatures vanquished.

Vanquished Creatures (others)
  An orc wizard (D:14)
1 creature vanquished.

Grand Total: 307 creatures vanquished

Notes
Turn   | Place    | Note
-------+----------+-------------------------------------------
     0 | D:1      | septik the Minotaur Berserker began the quest for the Orb.
     0 | D:1      | Reached XP level 1. HP: 19/19 MP: 0/0
   118 | D:1      | Found Pock's General Store.
   387 | D:1      | Reached skill level 4 in Axes
   677 | D:2      | Reached XP level 2. HP: 18/26 MP: 1/1
  1025 | D:2      | Reached skill level 5 in Axes
  1156 | D:2      | Reached XP level 3. HP: 26/31 MP: 2/2
  2135 | D:3      | Reached skill level 6 in Axes
  2135 | D:3      | Reached XP level 4. HP: 28/39 MP: 3/3
  2135 | D:3      | Reached ** piety under Trog
  2445 | D:3      | Reached skill level 7 in Axes
  2445 | D:3      | Reached XP level 5. HP: 45/45 MP: 4/4
  3192 | D:4      | Found a staircase to the Ecumenical Temple.
  3335 | D:4      | Reached skill level 8 in Axes
  3367 | D:4      | Reached XP level 6. HP: 51/51 MP: 5/5
  3373 | D:4      | Found a stormy altar of Qazlal.
  3377 | D:4      | Noticed a water elemental
  3384 | D:4      | Noticed an air elemental
  3398 | D:4      | Noticed a fire elemental
  3501 | D:4      | Found a shimmering blue altar of Sif Muna.
  3501 | D:4      | Found a basalt altar of Yredelemnul.
  3586 | D:5      | Entered Level 5 of the Dungeon
  3592 | D:5      | Reached *** piety under Trog
  3600 | D:5      | Identified the +6 quarterstaff of Jaximute {protect, Fly
                  | rN+ Int+2}
  3680 | D:5      | Reached skill level 9 in Axes
  3751 | D:5      | Noticed Edmund
  3841 | D:5      | Found a hazy altar of Hepliaklqana.
  3874 | D:5      | Killed Edmund
  3875 | D:5      | Reached XP level 7. HP: 45/57 MP: 6/6
  4025 | D:5      | Identified the +8 spear "Iruuh" {venom, Fragile +Rage rElec
                  | rPois}
  4041 | D:5      | Reached skill level 10 in Axes
  4371 | D:5      | Found a runed translucent door.
  4386 | D:5      | Noticed septik's ghost (novice MiBe)
  4423 | D:5      | Found a runed translucent door.
  4637 | D:6      | Reached skill level 11 in Axes
  4793 | D:6      | Reached XP level 8. HP: 64/64 MP: 7/7
  4946 | D:6      | Reached skill level 12 in Axes
  5364 | D:7      | Reached **** piety under Trog
  5396 | D:7      | Reached skill level 13 in Axes
  5991 | D:7      | Reached skill level 14 in Axes
  5991 | D:7      | Reached XP level 9. HP: 49/70 MP: 8/8
  6337 | D:7      | Noticed Harold
  6460 | D:7      | Killed Harold
  6461 | D:7      | Reached skill level 15 in Axes
  6942 | D:8      | Noticed Pikel
  6960 | D:8      | Killed Pikel
  6961 | D:8      | Reached skill level 16 in Axes
  6961 | D:8      | Reached XP level 10. HP: 79/79 MP: 9/9
  7050 | D:8      | Noticed Joseph
  7059 | D:8      | Killed Joseph
  7408 | D:8      | Identified the +4 hunting sling "Ushrucir" {freeze, rElec
                  | rN+ Int+3}
  7570 | D:8      | Reached skill level 5 in Fighting
  8002 | D:8      | Reached skill level 5 in Armour
  8019 | D:8      | Reached skill level 5 in Dodging
  8195 | D:8      | Found a staircase to the Lair.
  8780 | D:9      | Reached ***** piety under Trog
  8994 | D:9      | Reached XP level 11. HP: 92/92 MP: 10/10
  9513 | D:10     | Entered Level 10 of the Dungeon
  9522 | D:10     | Found a transporter.
  9553 | D:10     | Noticed a two-headed ogre
  9566 | D:10     | Killed a two-headed ogre
  9789 | D:10     | Found a transporter.
  9791 | D:10     | Noticed a two-headed ogre
  9794 | D:10     | Noticed a two-headed ogre
  9799 | D:10     | Noticed Sagrath01's ghost (novice DsFi)
  9861 | D:10     | Noticed Erolcha
  9876 | D:10     | Killed Erolcha
 10163 | D:10     | Found a sacrificial altar of Ru.
 10176 | D:10     | Found a hide-covered altar of Uskayaw.
 10358 | D:11     | Found a staircase to the Orcish Mines.
 10514 | D:11     | Noticed a four-headed hydra
 10526 | D:11     | Killed a four-headed hydra
 10710 | D:11     | Noticed a seven-headed hydra
 10807 | D:11     | Killed a seven-headed hydra
 11243 | D:11     | Reached skill level 10 in Fighting
 11616 | D:12     | Reached XP level 12. HP: 107/107 MP: 11/11
 11692 | D:12     | Found the +7 mace of Variability {chain chaos}
 11692 | D:12     | Found a shimmering altar of Xom.
 11710 | D:12     | Reached skill level 10 in Armour
 11744 | D:12     | Upgraded the game from 0.27-a0-951-gae3e1deef5 to
                  | 0.27-a0-978-g2aa4ecdaef
 12469 | D:13     | Identified the +1 scale mail of the Fiend {rN+ Dex+4
                  | Slay+3}
 12751 | D:13     | Reached skill level 10 in Dodging
 12938 | D:14     | Noticed a five-headed hydra
 12938 | D:14     | Noticed a boulder beetle
 12951 | D:13     | Killed a boulder beetle
 13207 | D:1      | Bought a potion of heal wounds for 60 gold pieces
 13207 | D:1      | Bought a scroll of identify for 24 gold pieces
 13207 | D:1      | Bought 2 potions of lignification for 72 gold pieces
 13207 | D:1      | Bought a scroll of fear for 42 gold pieces
 13207 | D:1      | Bought a potion of cancellation for 96 gold pieces
 13207 | D:1      | Bought a potion of heal wounds for 60 gold pieces
 13207 | D:1      | Bought a +1 pair of gloves for 138 gold pieces
 13563 | D:14     | Killed a seven-headed hydra
 13700 | D:14     | Noticed a centaur warrior
 13701 | D:14     | Noticed a centaur warrior
 13705 | D:14     | Noticed a centaur warrior
 13714 | D:14     | Killed a centaur warrior
 13722 | D:14     | Killed a centaur warrior
 13727 | D:14     | Killed a centaur warrior
 13745 | D:14     | Noticed a vault guard
 13746 | D:14     | Noticed a centaur warrior
 13747 | D:14     | Noticed a vault guard
 13747 | D:14     | Noticed a centaur warrior
 13754 | D:14     | Killed a centaur warrior
 13755 | D:14     | Noticed a four-headed hydra
 13758 | D:14     | HP: 4/168 [vault guard/+0 great mace (6)]
 13759 | D:14     | Killed a vault guard
 13762 | D:14     | Killed a vault guard
 13763 | D:14     | Reached XP level 13. HP: 6/118 MP: 12/12
 13763 | D:14     | HP: 2/177 [six-headed hydra (8)]
 13763 | D:14     | Slain by a six-headed hydra

Illustrated notes

Levels and vault maps discovered:
D:1:      lemuel_arrival_hallway, layout_basic, serial_shops, shop,
          serial_forest, infiniplex_forest_clump_diagonal,
          infiniplex_forest_corner_2, infiniplex_forest_lined_3_way,
          infiniplex_forest_end_2, infiniplex_forest_zigzag_2, glass_columns_b,
          chequers_serial_rivers_small_3, minmay_box_of_dots
D:2:      layout_basic
D:3:      layout_loops_cross, minmay_misc_feat_nine_boxes
D:4:      minmay_diamond_boxcup, layout_rooms, gammafunk_temple_overflow_wave,
          nicolae_qazlal_style_of_elements, minmay_temple_entry_statues_pillars
D:5:      layout_cave_pools, lemuel_tele_altar, ebering_ghost_sewer_f,
          uniq_edmund
D:6:      layout_cave_pools, dk_rats_in_the_wall
D:7:      layout_cave_pools, uniq_harold
D:8:      layout_gridville, erik_lair_dragon, uniq_joseph, uniq_pikel
D:9:      layout_cave_pools, special_room [special_room_bee]
D:10:     layout_long_grid, amethyst_overflow_temple_binary, nzn_ghost_randoct,
          eino_tiny_chamber, uniq_erolcha
D:11:     layout_basic, david_orc_3, statue_in_the_mist_lemuel, st_stairs_3,
          grunt_ministairs_10, kennysheep_small_spiral
D:12:     layout_loops_ring, minmay_guarded_unrand_variability
D:13:     layout_roguey
D:14:     minmay_spotlight, layout_layer_cave,
          lightli_vaults_fourway_checkpoint, gauntlet_entry_generic,
          hangedman_abyss_or_decor_clamps

Skill      XL: |  1  2  3  4  5  6  7  8  9 10 11 12 |
---------------+-------------------------------------+-----
Axes           | 4 5 6 7 8 9 11 14 16 | 16.0
Fighting       | 4 7 10 12 | 12.3
Armour         | 3 7 9 12 | 12.0
Dodging        | 3 6 9 11 | 11.2

Action                   |  1- 3 |  4- 6 |  7- 9 | 10-12 | 13-15 || total
-------------------------+-------+-------+-------+-------+-------++-------
Melee: Hand axe          |    48 |    10 |       |   417 |     1 ||   476
       Headbutt          |     2 |    20 |    30 |   153 |       ||   205
       War axe           |       |    70 |    45 |    21 |       ||   136
       Quarterstaff      |       |    23 |   138 |    90 |       ||   251
 Fire: Hunting sling     |       |       |       |    13 |       ||    13
Throw: Stone             |    52 |    20 |    27 |     5 |       ||   104
       Dart              |       |       |       |     4 |       ||     4
Invok: Berserk           |     5 |     2 |     6 |    13 |       ||    26
       Trog's Hand       |       |     2 |     3 |       |       ||     5
       Brothers in Arms  |       |       |       |     8 |       ||     8
Evoke: Wand              |       |     4 |       |     1 |       ||     5
  Use: Scroll            |       |     1 |       |    18 |       ||    19
       Potion            |       |       |     1 |     6 |       ||     7
 Stab: Distracted        |       |       |       |     1 |       ||     1
Armor: Scale mail        |    13 |    13 |   166 |    42 |       ||   234
       Chain mail        |       |    49 |       |       |       ||    49
       Plate armour      |       |       |       |    70 |       ||    70
       Troll leather arm |       |       |       |    65 |       ||    65
       Skin              |       |       |       |    56 |     5 ||    61
Dodge: Dodged            |    34 |    48 |   101 |   511 |       ||   694
Block: Buckler           |       |       |       |    39 |     1 ||    40

Table legend: (Time is in decaauts)
 A = Elapsed time spent in this place.
 B = Non-inter-level travel time spent in this place.
 C = Inter-level travel time spent in this place.
 D = Time resting spent in this place.
 E = Time spent auto-exploring this place.
 F = Levels seen in this place.
 G = Mean time per level.
                   A        B        C        D        E       F      G
               +--------+--------+--------+--------+--------+-----+--------+
         Total |  13947 |  13041 |    906 |   2034 |   7888 |  14 |  996.2 |
       Dungeon |  13947 |  13041 |    906 |   2034 |   7888 |  14 |  996.2 |
               +--------+--------+--------+--------+--------+-----+--------+

Top non-repeatable levels by time:
     D:8: 1770 daAuts
     D:7: 1428 daAuts
     D:2: 1336 daAuts
     D:6: 1126 daAuts
    D:11: 1093 daAuts
    D:10: 1039 daAuts
     D:9: 974 daAuts
     D:1: 936 daAuts
     D:5: 927 daAuts
     D:3: 901 daAuts
    D:12: 783 daAuts
     D:4: 710 daAuts
    D:13: 675 daAuts
    D:14: 243 daAuts
